AoeStats
← Enyaloth

MegaRandom

509768875Analyzed
3v3 RM · 4d ago on Sep 28, 2026· 47m 31s· 6 players
Game mode
Random Map
Map size
Normal (6 player)
Population
200
Speed
Normal
Resources
Standard
Victory
Conquest
Starting age
Dark Age
Ending age
Imperial Age
RankedLock teamsTeams togetherTeam positionsShared explorationLock speedFull tech treeHidden civsTurbo modeCheats
Victory
Defeat
🇺🇸 Saxons · United States
1381
+10
🇺🇸 Maya · United States
1214
+17
🇺🇸 Persians · United States
1172
+17
🇦🇷 Huns · Argentina
1267
-16
🇦🇷 Gurjaras · Argentina
1229
-15
🇦🇷 Saracens · Argentina
1193
-13
Ibz1
6:50 Loom
9:20 Feudal Age
10:23 Double-Bit Axe
18:20 Castle Age
17:02 Gold Mining
17:09 Horse Collar
21:31 Bow Saw
21:30 Stone Mining
23:42 Husbandry
24:27 Bloodlines
24:44 Scale Barding Armor
27:07 Chain Barding Armor
28:54 Wheelbarrow
28:35 Forging
30:03 Town Watch
35:12 Stone Shaft Mining
35:08 Heavy Plow
39:04 Imperial Age
37:20 Gold Shaft Mining
37:39 Hand Cart
39:03 Iron Casting
39:18 Kshatriyas
40:01 Scale Mail Armor
41:37 Plate Barding Armor
41:20 Heavy Camel Rider
42:42 Conscription
43:07 Chain Mail Armor
42:49 Elite Chakram Thrower
Un Ronin
11:55 Feudal Age
10:22 Loom
13:19 Double-Bit Axe
17:46 Castle Age
15:55 Fletching
18:58 Bodkin Arrow
20:34 Crossbowman
23:04 Horse Collar
24:22 Bow Saw
24:22 Pikeman
26:36 Squires
26:58 Gambesons
32:06 Thumb Ring
33:56 Padded Archer Armor
34:28 Heavy Plow
35:41 Leather Archer Armor
38:59 Ballistics
44:46 Imperial Age
46:33 Chemistry
45:53 Bracer
Cuando florezca el Chuño
9:18 Loom
11:15 Feudal Age
15:28 Castle Age
13:46 Double-Bit Axe
23:08 Scale Barding Armor
23:56 Town Watch
25:10 Bow Saw
25:52 Chain Barding Armor
27:06 Forging
27:37 Husbandry
31:56 Bloodlines
33:11 Iron Casting
35:18 Horse Collar
37:32 Wheelbarrow
37:42 Marauders
37:59 Heavy Plow
39:41 Fletching
39:51 Padded Archer Armor
40:31 Thumb Ring
43:06 Bodkin Arrow
46:21 Ballistics
Enyaloth
0:28 Loom
10:13 Feudal Age
10:41 Double-Bit Axe
10:40 Horse Collar
12:21 Gold Mining
12:59 Scale Mail Armor
21:10 Castle Age
19:24 Fletching
20:16 Forging
21:13 Crossbowman
22:26 Bodkin Arrow
25:26 Ballistics
26:00 Padded Archer Armor
26:49 Town Watch
27:42 Wheelbarrow
30:20 Padded Archer Armor
31:11 Hand Cart
31:49 Town Watch
37:28 Imperial Age
35:10 Heavy Plow
35:30 Bow Saw
36:03 Leather Archer Armor
36:37 Thumb Ring
37:33 Arbalester
39:19 Chemistry
38:24 Bracer
39:59 Hoardings
40:40 Conscription
40:22 Stone Mining
41:52 Masonry
43:01 Ring Archer Armor
42:51 Squires
42:57 Eagle Warrior
43:24 Arson
Drachken
7:46 Loom
10:44 Feudal Age
16:04 Castle Age
14:27 Double-Bit Axe
14:58 Stone Mining
15:15 Horse Collar
17:39 Bow Saw
25:02 Scale Mail Armor
25:56 Gold Mining
27:07 Pikeman
27:48 Squires
27:33 Arson
33:25 Chain Mail Armor
34:17 Wheelbarrow
33:28 Town Watch
36:28 Hand Cart
38:49 Imperial Age
36:51 Fortified Wall
36:53 Masonry
36:39 Murder Holes
37:11 Ballistics
39:06 Guard Tower
38:58 Treadmill Crane
39:05 Shield Wall
40:54 Plate Mail Armor
40:35 Forging
40:16 Fletching
41:03 Architecture
40:39 Siege Engineers
41:39 Chemistry
40:46 Elite Hearth Troop
43:18 Conscription
43:35 Hoardings
43:37 Iron Casting
42:58 Bodkin Arrow
43:52 Arrowslits
47:20 Two-Man Saw
shanzeenee
7:58 Loom
11:12 Feudal Age
12:25 Horse Collar
12:32 Double-Bit Axe
17:30 Castle Age
17:31 Gold Mining
18:27 Husbandry
19:07 Heavy Plow
20:37 Scale Barding Armor
24:39 Wheelbarrow
24:42 Forging
26:33 Hand Cart
26:41 Bow Saw
26:57 Bloodlines
29:08 Gold Shaft Mining
29:09 Chain Barding Armor
29:28 Iron Casting
30:31 Pikeman
31:11 Squires
33:48 Imperial Age
33:28 Halberdier
33:33 Cavalier
35:15 Scale Mail Armor
36:08 Fletching
37:42 Savar
38:19 Bodkin Arrow
40:15 Plate Barding Armor
40:41 Blast Furnace
39:57 Chain Mail Armor
41:10 Caravan
44:26 Two-Man Saw
44:01 Crop Rotation
Connection lost

Rejoining the realm…

Still unreachable

The connection could not be restored.

Session expired

The server has moved on; the page needs a fresh start.